Map: Disco Bloodbath LE

Players

Alken - Winner!

  • Race: Protoss Protoss
  • League: Diamond
  • Spawn Location: 3:00

Arioch

  • Race: Zerg Zerg
  • League: Diamond
  • Spawn Location: 9:00

VOD

Have the link to the VOD?

Description

Time

  • Played on: Sept. 7, 2019, 3:09 p.m.
  • Length: 14:10
Show
View Real Time Build Order
Export as new Build Order

Alken Protoss - Winner!

Build Orders: 1 Gate Expand, Carriers, Chargelot Immortal 

Get SALT Encoding   

  12  0:01  Probe  
  13  0:13  Probe  
  14  0:22  Pylon  
  14  0:23  Probe  
  15  0:36  Probe  
  15  0:40  Gateway  
  16  0:47  Probe, Assimilator  
  17  0:58  Probe  
  18  1:06  Probe  
  19  1:14  Probe  
  20  1:27  Nexus  
  20  1:40  Cybernetics Core  
  20  1:43  Probe  
  21  1:51  Assimilator  
  21  1:55  Probe  
  22  2:05  Pylon  
  22  2:06  Probe  
  23  2:19  Probe  
  23  2:23  Stalker  
  23  2:26  Robotics Facility  
  23  2:29  Probe  
  26  2:35  Warp Gate  
  26  2:37  Probe  
  26  2:41  Probe  
  28  2:45  Probe  
  29  2:53  Gateway  
  29  2:56  Probe  
  29  2:58  Probe, Sentry  
  33  3:06  Immortal  
  33  3:08  Probe  
  33  3:10  Probe  
  39  3:20  Probe  
  39  3:23  Probe  
  41  3:33  Probe  
  42  3:35  Probe  
  42  3:39  Pylon  
  43  3:45  Observer, Probe  
  43  3:47  Probe  
  46  3:56  Probe  
  46  3:57  Probe  
  47  4:04  Probe  
  47  4:08  Nexus  
  47  4:09  Observer, Probe  
  49  4:10  Pylon  
  49  4:12  Gateway  
  49  4:13  Probe  
  51  4:21  Probe  
  52  4:25  Probe, Assimilator  
  52  4:29  Adept, Assimilator  
  55  4:31  Adept  
  55  4:33  Probe  
  55  4:37  Immortal  
  62  4:45  Pylon  
  62  4:51  Forge  
  62  4:52  Pylon  
  62  5:01  Twilight Council  
  62  5:03  Probe x2  
  64  5:11  Stalker  
  64  5:12  Stalker x2  
  70  5:14  Probe x2  
  70  5:16  Probe  
  70  5:17  Observer  
  74  5:22  Probe x2  
  74  5:23  Protoss Ground Weapons Level 1  
  74  5:25  Probe  
  76  5:29  Charge  
  76  5:30  Shield Battery, Probe  
  78  5:39  Probe  
  78  5:40  Probe  
  80  5:43  Templar Archives  
  80  5:48  Stalker x3  
  86  5:51  Probe x2  
  88  5:58  Immortal  
  91  6:12  Probe x2  
  91  6:15  Phoenix  
  91  6:17  Pylon  
  91  6:18  Psionic Storm, Pylon  
  93  6:21  Pylon  
  93  6:23  Assimilator  
  93  6:28  Assimilator  
  93  6:35  Probe x3  
  93  6:37  Sentry x2  
  100  6:42  Nexus  
  100  6:43  Pylon  
  100  6:51  Probe x3  
  100  6:52  Pylon  
  100  6:53  Immortal  
  107  6:57  Zealot  
  109  7:11  Gateway  
  109  7:13  Gateway  
  109  7:15  Photon Cannon  
  109  7:17  Photon Cannon  
  109  7:18  High Templar x2  
  109  7:20  Pylon, Zealot, Protoss Ground Weapons Level 2  
  109  7:21  Probe  
  109  7:22  Probe  
  117  7:24  Immortal  
  117  7:29  Probe  
  118  7:33  Probe  
  118  7:35  Pylon  
  123  7:41  Pylon  
  123  7:44  Pylon  
  123  7:45  Zealot  
  123  7:47  Probe x3  
  123  7:48  Protoss Air Weapons Level 1  
  123  7:50  Assimilator  
  128  7:54  Probe, Assimilator  
  129  7:59  Gateway, Probe x2  
  129  8:04  High Templar x2  
  135  8:07  Zealot x2  
  135  8:08  Zealot  
  141  8:16  Stargate  
  141  8:18  Probe x4  
  145  8:30  Warp Prism  
  145  8:39  Photon Cannon  
  147  8:42  Photon Cannon  
  147  8:45  Photon Cannon  
  147  8:46  Pylon  
  141  8:55  Zealot  
  141  8:56  Zealot x5  
  126  9:13  Fleet Beacon  
  126  9:17  Stargate, Oracle  
  126  9:19  Stargate, Probe x3  
  126  9:21  Stargate  
  126  9:22  Zealot x6  
  144  9:45  Immortal  
  138  9:53  Zealot  
  138  9:54  Zealot x5  
  138  9:59  Protoss Ground Weapons Level 3, Carrier  
  154  10:06  Carrier x3  
  164  10:16  Protoss Air Weapons Level 2  
  164  10:20  Zealot x5  
  164  10:21  Zealot  
  176  10:28  Nexus  
  176  10:30  Pylon  
  176  10:32  Immortal  
  168  10:45  Pylon  
  168  10:53  High Templar x4  
  168  10:54  High Templar  
  178  10:58  Archon  
  178  10:59  Archon  
  178  11:03  Carrier, Zealot  
  163  11:13  Carrier x2  
  143  11:27  Zealot x6  
  143  11:29  Carrier  
  143  11:30  Observer  
  161  11:36  Assimilator  
  161  11:41  Assimilator  
  161  11:43  Photon Cannon  
  161  11:44  Photon Cannon  
  161  11:48  Photon Cannon x2  
  161  12:07  Carrier  
  167  12:17  Carrier x2, High Templar  
  171  12:25  High Templar  
  173  12:30  Zealot  
  173  12:31  Zealot x3  
  173  12:33  Carrier  
  181  12:44  Photon Cannon  
  181  12:46  Photon Cannon  
  181  12:48  Photon Cannon  
  181  12:50  Photon Cannon  
  179  12:54  High Templar  
  179  12:58  Zealot x5  
  188  13:26  Zealot x6  
Show
View Real Time Build Order
Export as new Build Order

Arioch Zerg 

Build Orders: Hatch First, Roach Hydra 

Get SALT Encoding   

  12  0:01  Drone  
  13  0:12  Overlord  
  13  0:16  Drone  
  14  0:30  Drone  
  14  0:32  Drone  
  16  0:48  Hatchery  
  15  0:51  Drone  
  15  0:56  Drone  
  17  0:58  Drone  
  18  1:10  Extractor  
  17  1:13  Spawning Pool  
  16  1:22  Drone x2  
  18  1:27  Drone  
  19  1:45  Overlord  
  19  1:59  Drone  
  19  2:00  Queen x2  
  24  2:01  Zergling x4  
  26  2:14  Drone x2  
  28  2:28  Drone x2  
  30  2:34  Metabolic Boost  
  30  2:35  Hatchery  
  29  2:49  Overlord  
  29  2:51  Drone x3  
  30  2:56  Drone x2  
  34  3:11  Drone x2  
  36  3:15  Queen  
  36  3:16  Queen  
  36  3:18  Overlord  
  40  3:20  Drone  
  40  3:22  Drone  
  40  3:23  Drone  
  40  3:25  Drone  
  43  3:37  Overlord  
  43  3:38  Drone x3  
  46  3:47  Drone  
  47  3:49  Drone x5  
  47  3:51  Pneumatized Carapace  
  52  4:01  Zergling x6  
  54  4:12  Drone x5  
  59  4:24  Baneling Nest  
  59  4:26  Zergling x2  
  59  4:27  Zergling x6  
  62  4:33  Drone x2  
  62  4:35  Lair  
  64  4:52  Zergling x4  
  66  4:53  Overlord x2  
  66  4:54  Overlord  
  66  4:57  Extractor  
  66  4:58  Extractor  
  64  5:01  Evolution Chamber x2  
  64  5:03  Roach Warren, Queen x2  
  64  5:06  Zergling x2  
  66  5:07  Overlord  
  66  5:08  Overlord  
  66  5:11  Drone x3, Extractor  
  66  5:13  Drone x3  
  71  5:15  Drone x3  
  74  5:22  Zergling x12  
  74  5:27  Zerg Missile Weapons Level 1  
  80  5:30  Drone x2  
  80  5:33  Drone  
  83  5:40  Drone  
  83  5:41  Drone  
  85  5:44  Spine Crawler  
  85  5:46  Spore Crawler, Drone x2  
  85  5:47  Hatchery, Spine Crawler  
  85  5:49  Spore Crawler, Drone  
  83  5:50  Drone x5  
  83  5:53  Zergling x2  
  89  5:58  Overlord x2  
  88  6:08  Roach x2  
  88  6:09  Zergling x4  
  88  6:10  Overlord  
  87  6:14  Zerg Ground Armor Level 1, Glial Reconstitution  
  85  6:21  Spore Crawler  
  85  6:22  Drone  
  85  6:23  Zergling x6  
  85  6:24  Zergling x2, Roach  
  91  6:26  Overlord  
  91  6:37  Zergling x2  
  91  6:38  Zergling x6, Roach x3  
  101  6:45  Zergling x2, Hydralisk Den, Drone  
  102  6:48  Zergling x2, Roach x2  
  107  6:56  Zergling x2  
  107  6:57  Zergling x2, Roach x2  
  107  7:00  Zergling x2  
  107  7:01  Zergling x4, Roach x2  
  120  7:05  Overseer  
  120  7:11  Extractor  
  119  7:16  Zergling x2  
  119  7:17  Overlord x2  
  120  7:27  Overlord  
  120  7:28  Overlord x4  
  120  7:35  Queen x3  
  120  7:36  Grooved Spines, Hydralisk x3  
  132  7:37  Hydralisk  
  132  7:42  Drone x2  
  132  7:44  Overseer  
  136  7:45  Overlord  
  136  7:46  Overlord  
  136  7:47  Drone, Extractor  
  136  7:49  Drone  
  136  7:50  Drone  
  138  7:53  Extractor  
  138  7:55  Drone x4  
  138  7:56  Drone  
  142  8:09  Zergling x4, Hydralisk  
  142  8:10  Zergling x4  
  148  8:13  Hatchery  
  148  8:15  Centrifical Hooks  
  147  8:22  Spore Crawler  
  147  8:24  Drone x2  
  147  8:25  Drone, Hatchery  
  147  8:26  Drone  
  149  8:31  Hydralisk  
  149  8:32  Roach  
  149  8:33  Zergling x2  
  154  8:47  Muscular Augments  
  150  8:51  Ravager  
  150  8:52  Ravager x2  
  150  8:53  Ravager  
  150  8:54  Zergling x2, Roach, Hydralisk x4  
  150  8:55  Zergling x2, Roach x2  
  170  8:57  Hydralisk  
  170  8:58  Zergling x4, Roach x2, Hydralisk  
  170  8:59  Zergling x2  
  171  9:09  Hydralisk x2  
  135  9:10  Zergling x2, Drone, Roach x2  
  135  9:17  Roach, Hydralisk  
  128  9:22  Drone x3  
  135  9:28  Drone x3  
  135  9:29  Hydralisk  
  140  9:32  Baneling x4  
  140  9:33  Baneling x5, Hydralisk  
  142  9:40  Hydralisk  
  142  9:41  Zergling x4, Roach, Hydralisk  
  142  9:44  Overlord  
  150  9:46  Overseer  
  150  9:50  Hydralisk  
  150  9:51  Zergling x4, Roach  
  152  9:52  Zergling x2  
  152  9:59  Overlord  
  152  10:00  Overlord  
  152  10:04  Hydralisk x3  
  152  10:05  Zergling x8, Roach x3  
  163  10:11  Hydralisk  
  163  10:12  Overlord, Zergling x4, Roach x2  
  171  10:17  Drone x2  
  171  10:18  Drone  
  174  10:22  Extractor  
  174  10:28  Hydralisk x3  
  173  10:29  Extractor, Zergling x10, Roach x3, Hydralisk  
  173  10:33  Extractor  
  173  10:34  Hydralisk  
  173  10:35  Zergling x4, Roach  
  192  10:44  Hydralisk x2  
  192  10:45  Zergling x2, Roach  
  199  10:59  Ravager x2  
  160  11:13  Hydralisk  
  160  11:14  Zergling x8, Roach x2, Hydralisk x4  
  160  11:15  Zergling x10, Roach x3  
  144  11:26  Hydralisk  
  144  11:27  Zergling x4, Roach x2, Hydralisk  
  144  11:28  Zergling x2, Roach x2  
  144  11:29  Zergling x8  
  144  11:31  Zergling x2, Drone  
  144  11:32  Roach  
  150  11:35  Hydralisk  
  150  11:36  Hydralisk  
  153  12:07  Spore Crawler  
  152  12:09  Spore Crawler  
  152  12:11  Hydralisk x4  
  152  12:12  Zergling x2, Roach x4, Hydralisk x2  
  152  12:14  Spore Crawler  
  152  12:15  Spore Crawler  
  163  12:16  Spore Crawler, Zergling x4, Hydralisk  
  163  12:18  Spore Crawler, Zergling x4  
  163  12:21  Overlord x3  
  163  12:26  Overlord  
  163  12:27  Overlord x2  
  163  12:34  Spire  
  156  12:43  Hydralisk x2  
  156  12:44  Zergling x4, Roach x2  
  148  12:45  Zergling x2  
  153  12:52  Spire  
  153  12:53  Drone x2  
  154  13:00  Hydralisk  
  154  13:01  Zergling x4, Roach  
  154  13:02  Zergling x2  
  161  13:10  Infestation Pit  
  128  13:26  Zergling x2, Hydralisk x6  
  128  13:27  Hydralisk x2  
  86  13:49  Roach  
  86  13:50  Roach  
Tags
 
Add a new tag
Caveats
  • Supply blocks, unpowered buildings, or Contaminate may cause inaccurate times.
  • Supply counts are checked every 10 seconds.